 Dungeon Crawl Stone Soup version 0.30-a0-373-gd37427bb62 (webtiles) character file.

Game seed: 4789232886779030576

107 Maxmaps the Trooper (level 4, -9/38 HPs)
             Began as a Demonspawn Gladiator on Nov 25, 2022.
             Killed by divine providence
             ... invoked by an orc priest
              (11 damage)
             ... on level 3 of the Dungeon.
             The game lasted 00:01:38 (2161 turns).

Maxmaps the Trooper (Demonspawn Gladiator)          Turns: 2161, Time: 00:01:39

Health: -9/38      AC:  4    Str: 13 (15) XL:     4   Next: 57%
Magic:  4/4        EV: 12    Int:  8 (11) God:
Gold:   85         SH:  0    Dex: 13 (14) Spells: 3/3 levels left

rFire   . . .      SeeInvis .    a - +0 long sword
rCold   . . .      Faith    .    (no shield)
rNeg    . . .      Spirit   .    b - +0 leather armour
rPois   .          Reflect  .    c - +0 helmet
rElec   .          Harm     .    (no cloak)
rCorr   .          Rampage  .    (no gloves)
Will    .....                    (no boots)
Stlth   +.........               (no amulet)
HPRegen 0.26/turn                (no ring)
MPRegen 0.09/turn                (no ring)

@: no status effects
A: weakness stinger 1
a: no special abilities


You were on level 3 of the Dungeon.
You visited 1 branch of the dungeon, and saw 3 of its levels.

You collected 105 gold pieces.
You spent 20 gold pieces at shops.

Inventory:

Hand Weapons
 a - a +0 long sword (weapon)
Missiles
 d - 3 throwing nets (quivered)
 e - a javelin
Armour
 b - a +0 leather armour (worn)
 c - a +0 helmet (worn)
Jewellery
 o - an amulet of regeneration
Scrolls
 f - 2 scrolls of poison {unknown}
 i - a scroll of immolation {unknown}
 m - a scroll of magic mapping {unknown}
 n - a scroll of blinking {unknown}
 p - a scroll of teleportation {unknown}
 q - a scroll of noise {unknown}
 r - a scroll of butterflies {unknown}
Potions
 g - a potion of resistance
 h - 2 potions of degeneration
 j - a potion of might
 k - a potion of curing {unknown}
 l - a potion of magic {unknown}


   Skills:
 + Level 4.9 Fighting
 - Level 2.6 Long Blades
 - Level 1.7 Throwing
 - Level 2.6 Dodging


You had 3 spell levels left.
You didn't know any spells.
Your spell library contained the following spells:

 Spells                   Type           Power      Damage    Failure   Level
 Freeze                   Ice            0%         1d3       50%         1
 Magic Dart               Conj           0%         1d3       50%         1
 Call Imp                 Summ           0%         N/A       63%         2
 Sublimation of Blood     Necr           0%         N/A       63%         2
 Frozen Ramparts          Ice            0%         1d1       86%         3
 Hailstorm                Conj/Ice       0%         3d3       86%         3
 Mephitic Cloud           Conj/Pois/Air  0%         N/A       86%         3
 Petrify                  Tmut/Erth      0%         N/A       99%         4
 Irradiate                Conj/Tmut      0%         3d11      100%        5


Dungeon Overview and Level Annotations

Branches:
Dungeon (3/15)

Altars:

Shops:
D:1 ?


Innate Abilities, Weirdness & Mutations

You have a small tail.


Message History

An orc priest comes into view. It is wielding a +0 falchion.
You see here a +0 hand axe.
An orc wizard comes into view. It is wielding a +0 dagger.
There is an open door here.
There are monsters nearby!
There are monsters nearby!
An endoplasm, an orc and an orc priest come into view.
The orc shouts!
The orc priest shouts!
The orc wizard shouts!
The orc wizard attacks as you move away!
The orc wizard hits you but does no damage.
The orc priest mumbles some strange prayers to Beogh against you.
Beogh smites you!
The orc wizard gestures at you while chanting.
The puff of flame hits you!
The orc priest shouts!
There is an open door here.
You see here a +0 hand axe.
The orc wizard casts a spell at you. You resist with some effort.
There is an open door here.
The orc wizard gestures at you while chanting.
You are confused.
There is an open door, spattered with blood here.
You bump into the rock wall.
There is an open door, spattered with blood here.
You see here a +0 dagger.
The orc priest invokes the aid of Beogh against you.
Beogh smites you!
* * * LOW HITPOINT WARNING * * *
You miss the orc wizard.
You feel less confused.
The orc wizard gestures at you while chanting.
The puff of flame hits you.
* * * LOW HITPOINT WARNING * * *
It was a potion of degeneration.
There was something very wrong with that liquid.
You feel weakened.
You feel dopey.
You feel clumsy.
The orc priest invokes the aid of Beogh against you.
Beogh smites you!
You die...

#.###########.#.#.#.##.###
#.###########.#)#.#.##.#
#.÷.........#.#.#.#....#
###...........#.#.#.#..### .
#.............#.#.#.#..# .##
#.............#.#.#.#..##### ..#
#.............#...#........#
#.####......############..#####.#
.....+.....oJo.o@.........# #.#
#....#......#)...######.### #.#
o....#......#.÷..# #.# #.#
#)J..###J####....######.# #.#
#..o.###.# #....#......# #.#
###.o..#.####........##########.#
. #.##...).##................##.#
# #.####.#.##................##.#
#.. ...#.##................##.#


You could see 2 orc priests, an orc wizard and an endoplasm.

Vanquished Creatures
  A gnoll (D:1)
  4 adders
  3 worms (D:2)
  2 orcs (D:3)
  8 ball pythons
  6 endoplasms
  3 goblins
  6 hobgoblins
  2 jackals (D:1)
  2 kobolds (D:1)
  8 bats
  3 frilled lizards
  3 rats
51 creatures vanquished.

Notes
Turn   | Place    | Note
-------+----------+-------------------------------------------
     0 | D:1      | Maxmaps the Demonspawn Gladiator began the quest for the
                  | Orb.
     0 | D:1      | Reached XP level 1. HP: 16/16 MP: 1/1
    98 | D:1      | Gained mutation: You have a small tail. [demonic ancestry]
    98 | D:1      | Reached XP level 2. HP: 20/23 MP: 2/2
   164 | D:1      | Reached skill level 3 in Fighting
   238 | D:1      | Found Nodetiph's Magic Scroll Shoppe.
   246 | D:1      | Bought a scroll of identify for 20 gold pieces
   629 | D:1      | Reached XP level 3. HP: 28/29 MP: 3/3
  1238 | D:2      | Reached skill level 4 in Fighting
  1429 | D:2      | Reached XP level 4. HP: 38/38 MP: 4/4
  1911 | D:3      | Found a faded altar of an unknown god.
  2159 | D:3      | HP: 1/38 [orc wizard/puff of flame (5)]
  2161 | D:3      | Killed from afar by an orc priest

Illustrated notes

Levels and vault maps discovered:
D:1:      dpeg_arrival_water_temple_mockup, layout_basic, serial_shops,
          nicolae_shop_stone
D:2:      layout_loops_ring, kennysheep_generic_room_14
D:3:      layout_basic, ebering_ecumenical_altar_petrified

Skill      XL: |  1  2  3 |
---------------+----------+-----
Fighting       | 3 4 |  4.9
Long Blades    | |  2.6
Throwing       | |  1.7
Dodging        | |  2.6

Action                   |  1- 3 |  4- 6 || total
-------------------------+-------+-------++-------
Melee: Long sword        |    92 |    52 ||   144
       Tailslap          |     9 |    11 ||    20
  Use: Scroll            |     1 |       ||     1
       Potion            |       |     1 ||     1
 Stab: Sleeping          |     1 |       ||     1
Armor: Leather armour    |    34 |    15 ||    49
Dodge: Dodged            |    68 |    37 ||   105

Table legend: (Time is in decaauts)
 A = Elapsed time spent in this place.
 B = Non-inter-level travel time spent in this place.
 C = Inter-level travel time spent in this place.
 D = Time resting spent in this place.
 E = Time spent auto-exploring this place.
 F = Levels seen in this place.
 G = Mean time per level.
                   A        B        C        D        E       F      G
               +--------+--------+--------+--------+--------+-----+--------+
         Total |   2202 |   2146 |     56 |     57 |   1707 |   3 |  734.0 |
       Dungeon |   2202 |   2146 |     56 |     57 |   1707 |   3 |  734.0 |
               +--------+--------+--------+--------+--------+-----+--------+

Top non-repeatable levels by time:
     D:1: 1103 daAuts
     D:2: 712 daAuts
     D:3: 386 daAuts
